 Dungeon Crawl Stone Soup version 0.21.1 (webtiles) character file.

616 teukkam the Twirler (level 7, -18/84 HPs)
             Began as a Gnoll Wanderer on Feb 2, 2018.
             Demolished by an orc warrior
             ... wielding a +0 halberd
              (21 damage)
             ... on level 6 of the Dungeon.
             The game lasted 00:12:08 (2402 turns).

teukkam the Twirler (Gnoll Wanderer)                Turns: 2402, Time: 00:12:09

Health: -18/84     AC:  6    Str: 17    XL:     7   Next: 45%
Magic:  20/20      EV: 13    Int: 18    God:
Gold:   65         SH:  0    Dex: 23    Spells: 10/10 levels left

rFire    . . .     SeeInvis +   a - +2 quarterstaff
rCold    . . .     Gourm    .   (shield currently unavailable)
rNeg     + + .     Faith    .   i - +1 robe "Nusafe" {rElec rN++ Dex+8 Stlth-}
rPois    .         Spirit   .   u - +0 helmet
rElec    +         Reflect  .   (no cloak)
rCorr    .         Harm     .   (no gloves)
MR       .....     Rnd*Rage +   (no boots)
Stlth    ..........             (no amulet)
HPRegen  0.24/turn              e - ring of magical power
MPRegen  0.17/turn              q - ring of see invisible

@: berserking, very quick
A: distributed training, fangs 1, yellow scales 1, berserk 1, high mp 1, strong
nose
a: no special abilities


You were on level 6 of the Dungeon.
You were not hungry.

You visited 1 branch of the dungeon, and saw 6 of its levels.

You collected 65 gold pieces.

Inventory:

Hand Weapons
 a - a +2 quarterstaff (weapon)
 b - a +0 blowgun
 p - a +0 falchion
Missiles
 t - a poisoned needle
Armour
 d - a +0 robe
 i - the +1 robe "Nusafe" (worn) {rElec rN++ Dex+8 Stlth-}
   (You found it on level 6 of the Dungeon)

   It affects your dexterity (+8).
   It insulates you from electricity.
   It greatly protects you from negative energy.
   It makes you less stealthy.
 u - a +0 helmet (worn)
 w - a +0 scale mail
Jewellery
 e - a ring of magical power (left hand)
 q - a ring of see invisible (right hand)
 y - a +3 ring of dexterity {unknown}
Scrolls
 s - a scroll of identify
Potions
 c - 2 potions of lignification
 g - a potion of brilliance
Comestibles
 f - a ration


   Skills:
 + Level 5.2 Fighting
 + Level 2.4 Short Blades
 + Level 2.4 Long Blades
 + Level 5.2 Axes
 + Level 2.4 Maces & Flails
 + Level 2.4 Polearms
 + Level 7.0 Staves
 + Level 2.4 Slings
 + Level 2.4 Bows
 + Level 2.4 Crossbows
 + Level 2.4 Throwing
 + Level 3.6 Armour
 + Level 2.4 Dodging
 + Level 3.4 Stealth
 + Level 2.4 Shields
 + Level 2.4 Unarmed Combat
 + Level 2.4 Spellcasting
 + Level 2.0 Conjurations
 + Level 2.0 Hexes
 + Level 2.0 Charms
 + Level 2.0 Summonings
 + Level 2.0 Necromancy
 + Level 2.0 Translocations
 + Level 2.0 Transmutations
 + Level 2.0 Fire Magic
 + Level 2.0 Ice Magic
 + Level 2.0 Air Magic
 + Level 2.0 Earth Magic
 + Level 2.0 Poison Magic
 + Level 2.7 Invocations
 + Level 3.6 Evocations


You had 10 spell levels left.
You didn't know any spells.

Dungeon Overview and Level Annotations

Branches:
Dungeon (6/15)
 Temple: D:4-7

Altars:
Makhleb

Shops:
D:4 =

Portals:
Ossuary: D:6

Annotations:
D:6 Prince Ribbit


Innate Abilities, Weirdness & Mutations

Your experience applies equally to all skills.
You have very sharp teeth.
Your uncanny sense of smell can sniff out nearby items.
You are partially covered in yellow scales. (AC +2)
You tend to lose your temper in combat.
You have an increased reservoir of magic. (+10% MP)


Message History

* * * LOW HITPOINT WARNING * * *
The orc barely misses you. The orc warrior misses you.
Things that are here:
a whip; a chain mail You hit the orc warrior but do no damage.
The orc hits you but does no damage.
You hit the orc warrior but do no damage.
Your bite misses the orc warrior.
The orc warrior hits you with a halberd.
* * * LOW HITPOINT WARNING * * *
The orc closely misses you.
You feel better.
Prince Ribbit blinks!
The orc warrior hits you with a halberd!
* * * LOW HITPOINT WARNING * * *
Prince Ribbit winks and puckers his lips.
The orc hits you but does no damage.
A red film seems to cover your vision as you go berserk!
You feel yourself moving faster!
You feel mighty!
The orc warrior hits you with a halberd!!
You die...

∆ .# ..# #.# #
..######### #.
........... .
#####>#
#.......... .###
#...8.o#######.#
####### ...#
.....§o@(..(...#
...#
#.8.∩.8#######.#
...# #...... #.#
#..# # ##..8F.
#.# ...##.#
####.# #.#
#...#.# #.
#######.# ......#
#. ....(...#
##..### ####
#######.#########
#..# ..#
#............


You could see Prince Ribbit, an orc warrior and an orc.

Vanquished Creatures
  A sky beast (D:5)
  A bullfrog (D:6)
  A wyvern skeleton (D:6)
  A crimson imp (D:5)
  A bullfrog zombie (D:6)
  2 hounds (D:6)
  A jelly (D:6)
  4 orc wizards (D:5)
  2 iguanas (D:6)
  4 gnolls (D:6)
  3 adders
  A shadow imp (D:6)
  An ooze (D:1)
  A worm (D:2)
  7 orcs
  6 bats
  A giant cockroach (D:4)
  A goblin (D:3)
  5 hobgoblins
  3 frilled lizards
  4 kobolds
  5 rats
56 creatures vanquished.

Notes
Turn   | Place    | Note
-------+----------+-------------------------------------------
     0 | D:1      | teukkam the Gnoll Wanderer began the quest for the Orb.
     0 | D:1      | teukkam set off with: a +2 quarterstaff, a +0 falchion, a potion of lignification, a +0 robe, a ration
     0 | D:1      | Reached XP level 1. HP: 20/20 MP: 2/2
   320 | D:2      | Reached XP level 2. HP: 23/26 MP: 3/3
   804 | D:2      | Reached XP level 3. HP: 20/31 MP: 4/4
  1415 | D:2      | Reached skill level 1 in Invocations
  1574 | D:3      | Reached skill level 1 in Short Blades
  1574 | D:3      | Reached skill level 1 in Long Blades
  1574 | D:3      | Reached skill level 1 in Maces & Flails
  1574 | D:3      | Reached skill level 1 in Polearms
  1574 | D:3      | Reached skill level 1 in Slings
  1574 | D:3      | Reached skill level 1 in Bows
  1574 | D:3      | Reached skill level 1 in Crossbows
  1574 | D:3      | Reached skill level 1 in Throwing
  1574 | D:3      | Reached skill level 1 in Dodging
  1574 | D:3      | Reached skill level 1 in Shields
  1574 | D:3      | Reached skill level 1 in Unarmed Combat
  1574 | D:3      | Reached skill level 1 in Spellcasting
  1574 | D:3      | Reached XP level 4. HP: 37/38 MP: 6/6
  1600 | D:4      | Found Riel Fiad's Jewellery Shoppe.
  1643 | D:5      | Entered Level 5 of the Dungeon
  1678 | D:5      | Noticed a sky beast
  1679 | D:5      | Reached skill level 1 in Conjurations
  1679 | D:5      | Reached skill level 1 in Hexes
  1679 | D:5      | Reached skill level 1 in Charms
  1679 | D:5      | Reached skill level 1 in Summonings
  1679 | D:5      | Reached skill level 1 in Necromancy
  1679 | D:5      | Reached skill level 1 in Translocations
  1679 | D:5      | Reached skill level 1 in Transmutations
  1679 | D:5      | Reached skill level 1 in Fire Magic
  1679 | D:5      | Reached skill level 1 in Ice Magic
  1679 | D:5      | Reached skill level 1 in Air Magic
  1679 | D:5      | Reached skill level 1 in Earth Magic
  1679 | D:5      | Reached skill level 1 in Poison Magic
  1679 | D:5      | Reached XP level 5. HP: 39/43 MP: 7/7
  1700 | D:5      | Killed a sky beast
  1701 | D:5      | Reached XP level 6. HP: 9/50 MP: 8/8
  1814 | D:6      | Gained mutation: You have an increased reservoir of magic. (+10% MP) [potion of mutation]
  1814 | D:6      | Gained mutation: You tend to lose your temper in combat. [potion of mutation]
  1814 | D:6      | Gained mutation: You are partially covered in yellow scales. (AC +2) [potion of mutation]
  1839 | D:6      | Reached skill level 5 in Fighting
  1839 | D:6      | Reached skill level 5 in Axes
  2025 | D:6      | Got a fine robe
  2036 | D:6      | Identified the +1 robe "Nusafe" {rElec rN++ Dex+8 Stlth-} (You found it on level 6 of the Dungeon)
  2075 | D:6      | Noticed a black bear
  2079 | D:6      | Found a burning altar of Makhleb.
  2138 | D:6      | Reached XP level 7. HP: 56/56 MP: 11/11
  2155 | D:6      | Reached skill level 7 in Staves
  2382 | D:6      | Found a sand-covered staircase.
  2383 | D:6      | Noticed Prince Ribbit
  2401 | D:6      | HP: 2/56 [orc warrior/halberd (12)]
  2402 | D:6      | Demolished by an orc warrior

Skill      XL: |  1  2  3  4  5  6  7 |
---------------+----------------------+-----
Invocations    | 1 2 |  2.7
Short Blades   | 1 2 |  2.4
Long Blades    | 1 2 |  2.4
Maces & Flails | 1 2 |  2.4
Polearms       | 1 2 |  2.4
Slings         | 1 2 |  2.4
Bows           | 1 2 |  2.4
Crossbows      | 1 2 |  2.4
Throwing       | 1 2 |  2.4
Dodging        | 1 2 |  2.4
Shields        | 1 2 |  2.4
Unarmed Combat | 1 2 |  2.4
Spellcasting   | 1 2 |  2.4
Conjurations   | 1 2 |  2.0
Hexes          | 1 2 |  2.0
Charms         | 1 2 |  2.0
Summonings     | 1 2 |  2.0
Necromancy     | 1 2 |  2.0
Translocations | 1 2 |  2.0
Transmutations | 1 2 |  2.0
Fire Magic     | 1 2 |  2.0
Ice Magic      | 1 2 |  2.0
Air Magic      | 1 2 |  2.0
Earth Magic    | 1 2 |  2.0
Poison Magic   | 1 2 |  2.0
Armour         | 3 |  3.6
Evocations     | 3 |  3.6
Stealth        | 3 |  3.4
Fighting       | 5 |  5.2
Axes           | 5 |  5.2
Staves         | 7 |  7.0

Action                   |  1- 3 |  4- 6 |  7- 9 || total
-------------------------+-------+-------+-------++-------
Melee: Quarterstaff      |    60 |    66 |    25 ||   151
       Bite              |     3 |    10 |     6 ||    19
 Fire: Blowgun           |     4 |     6 |       ||    10
Throw: Throwing net      |       |       |     1 ||     1
  Use: Scroll            |     2 |     5 |     2 ||     9
       Potion            |       |     6 |     2 ||     8
 Stab: Sleeping          |     2 |       |       ||     2
  Eat: Chunk             |     2 |     1 |       ||     3
       Ration            |       |     1 |       ||     1
Armor: Robe              |    17 |     9 |     8 ||    34
       Scale mail        |     3 |    13 |       ||    16
Dodge: Dodged            |    35 |    38 |    15 ||    88
